 Dungeon Crawl Stone Soup version 0.26-a0-651-gb41185065b (console) character file.

Game seed: 1607629385567101429

29031 om the Nimble (level 13, -4/102 HPs)
             Began as a Pale Draconian Ice Elementalist on Sept 29, 2020.
             Was an Initiate of Gozag.
             Slain by an orc warlord
             ... wielding a +3 long sword
              (33 damage)
             ... on level 2 of the Orcish Mines on Sept 30, 2020.
             The game lasted 01:02:50 (22344 turns).

om the Nimble (Pale Draconian Ice Elementalist)    Turns: 22344, Time: 01:02:51

Health: -4/102     AC:  9    Str: 14    XL:     13   Next: 13%
Magic:  34/35      EV: 17    Int: 16    God:    Gozag
Gold:   2980       SH:  5    Dex: 13    Spells: 6/30 levels left

rFire    . . .     SeeInvis .   a - +3 demon trident (freeze)
rCold    . . .     Faith    .   H - +0 buckler
rNeg     . . .     Spirit   .   (armour unavailable)
rPois    .         Reflect  .   (helmet restricted)
rElec    .         Harm     .   S - +0 cloak
rCorr    .         Rampage  .   (no gloves)
MR       .....                  (no boots)
Stlth    ++........             (no amulet)
HPRegen  0.27/turn              P - ring of wizardry
MPRegen  0.24/turn              Q - ring of magical power

@: short of breath, heavily drained
A: breathe steam, unfitting armour, cold-blooded, AC +8
a: Breathe Steam, Potion Petition, Call Merchant, Bribe Branch, Renounce
Religion


You were on level 2 of the Orcish Mines.
You worshipped Gozag.
Gozag was most pleased with you.
You visited 3 branches of the dungeon, and saw 15 of its levels.

You collected 4368 gold pieces.
You spent 143 gold pieces at shops.
You paid 1245 gold pieces to Gozag.

Inventory:

Hand Weapons
 a - a +3 demon trident of freezing (weapon)
Armour
 H - a +0 buckler (worn)
 S - a +0 cloak (worn)
Magical Staves
 b - an uncursed staff of cold
Jewellery
 c - an uncursed ring of see invisible
 f - an uncursed ring of poison resistance
 s - an uncursed ring of flight
 t - a +4 ring of evasion
 u - an uncursed ring of positive energy
 w - a +6 ring of intelligence
 E - a +6 ring of dexterity
 J - a +4 ring of protection
 P - a ring of wizardry (left hand)
 Q - a ring of magical power (right hand)
Wands
 r - a wand of disintegration (7)
 A - a wand of acid (23)
 B - a wand of enslavement (5)
 C - a wand of iceblast (10)
 L - a wand of polymorph (10)
 R - a wand of flame (10)
Scrolls
 h - 4 scrolls of teleportation
 i - 6 scrolls of amnesia
 j - a scroll of blinking
 k - 5 scrolls of enchant weapon
 o - 5 scrolls of remove curse
 p - a scroll of fog
 v - a scroll of brand weapon
 z - a scroll of immolation
 F - a scroll of fear
 I - a scroll of vulnerability {unknown}
 M - a scroll of enchant armour
 N - a scroll of holy word {unknown}
Potions
 d - 2 potions of brilliance
 e - 3 potions of flight
 g - 3 potions of stabbing
 l - 4 potions of might
 m - a potion of invisibility
 n - 4 potions of curing
 q - 2 potions of berserk rage
 x - a potion of haste {unknown}
 y - 8 potions of heal wounds
 D - 2 potions of ambrosia
 G - a potion of lignification
 K - a potion of resistance {unknown}
 O - a potion of magic


   Skills:
 + Level 6.1(4.5) Fighting
   Level 0.7(0.0) Short Blades
 * Level 7.5(6.3) Polearms
 - Level 3.8(4.6) Staves
 * Level 11.2(9.4) Dodging
 * Level 3.1(1.6) Stealth
 - Level 7.1(5.5) Shields
 - Level 0.3(0.0) Unarmed Combat
 - Level 9.0(7.3) Spellcasting
 + Level 7.3(5.7) Ice Magic
 - Level 8.0(6.3) Air Magic
 - Level 5.0(3.4) Evocations


You had 6 spell levels left.
You knew the following spells:

 Your Spells              Type           Power        Failure   Level
a - Freeze                Ice            ###.         1%          1
b - Frozen Ramparts       Ice            ###...       1%          3
c - Shock                 Conj/Air       ###.         1%          1
d - Poisonous Vapours     Pois/Air       ###...       1%          2
e - Swiftness             Air            ####....     1%          2
f - Airstrike             Air            ####......   3%          4
g - Static Discharge      Conj/Air       ###.....     4%          3
h - Lightning Bolt        Conj/Air       ###.......   32%         5
i - Mephitic Cloud        Conj/Pois/Air  ##......     6%          3

Your spell library contained the following spells:

 Spells                   Type           Power        Failure   Level
 Ozocubu's Armour         Ice            ###.....     1%          3
 Beastly Appendage        Tmut           #.....       4%          1
 Sting                    Tmut/Pois      #...         4%          1
 Summon Small Mammal      Summ           #...         4%          1
 Call Imp                 Summ           #.......     8%          2
 Wereblood                Tmut           #.......     8%          2
 Summon Lightning Spire   Summ/Air       ###.....     13%         4
 Call Canine Familiar     Summ           #.......     16%         3
 Conjure Flame            Conj/Fire      #.......     16%         3
 Ignite Poison            Fire/Tmut/Pois #.......     16%         3
 Spider Form              Tmut/Pois      #.........   16%         3
 Summon Guardian Golem    Hex/Summ       #.......     16%         3
 Hailstorm                Conj/Ice       ###.....     16%         4
 Ice Form                 Ice/Tmut       ###.....     16%         4
 Summon Ice Beast         Ice/Summ       ###.....     16%         4
 Animate Dead             Necr           #.........   43%         4
 Leda's Liquefaction      Hex/Erth       #.........   43%         4
 Olgreb's Toxic Radiance  Pois           #.......     43%         4
 Blade Hands              Tmut           #.........   77%         5
 Bolt of Magma            Conj/Fire/Erth #.........   77%         5
 Borgnjor's Vile Clutch   Necr/Erth      #.........   77%         5
 Freezing Cloud           Conj/Ice/Air   ###.......   77%         6
 Simulacrum               Ice/Necr       ###.......   89%         6
 Death Channel            Necr           #.........   99%         6
 Shatter                  Erth           #.........   100%        9


Dungeon Overview and Level Annotations

Branches:
Dungeon (12/15) Temple (0/1) D:5 Lair (1/6) D:8 Orc (2/2) D:10 Elf (0/3) Orc:1 Orc:2

Altars:
Cheibriados
Elyvilon
Gozag
Kikubaaqudgha
Makhleb
Nemelex Xobeh
Okawaru
Qazlal
Sif Muna
Trog
Uskayaw
Vehumet
Wu Jian
Beogh

Shops:
D:8 :!   Orc:2 :}*:


Innate Abilities, Weirdness & Mutations

You can breathe blasts of scalding, opaque steam.
Your pale cyan-grey scales are hard. (AC +8)
You cannot fit into any form of body armour.
You are cold-blooded and may be slowed by cold attacks.


Message History

Casting: Swiftness (safe; 1% risk of failure)
Confirm with . or Enter, or press ? or * to list all spells.
Aiming: Poisonous Vapours (safe; 1% risk of failure)
Press: ? - help, Dir - move target cursor, f/p - orc warlord
Aim: an orc warlord, wielding a +3 long sword, wearing a +0 chain mail and wearing a +2 tower shield (lightly wounded)
Okay, then.
Casting: Poisonous Vapours (safe; 1% risk of failure)
Confirm with . or Enter, or press ? or * to list all spells.
Aiming: Poisonous Vapours (safe; 1% risk of failure)
Press: ? - help, Dir - move target cursor, f/p - orc warlord
Aim: an orc warlord, wielding a +3 long sword, wearing a +0 chain mail and wearing a +2 tower shield (lightly wounded) Poisonous vapours surround the orc warlord!
The orc warlord is engulfed in poison gas.
The orc warlord is poisoned.
Press: ? - help, v - describe, . - travel A teleport trap.
You no longer feel sluggish.
The orc warlord hits you with a +3 long sword!!
You die...
Your body crumbles into a pile of gold.

## ##### .## #### ##.#.# ..######
### ##..# ###.....
..#.##.###.###...### ##....#.#
....#...#...#......# ##.......#
.....#.###...^..@o.#####.#.#.....
........##.........#.##.><.......
.......###............#))#[......
.......##....[[......#[[#........
.......###..........<[)ยง.........
...#........<......[.....).......
.#.#.........##..#..[[)).....##..
.###....[...#####.)..)[[....[.##.
.####........###..[[.........#.##
...............#...........#.#...
.................................


You could see an orc warlord (poisoned).

Vanquished Creatures
  Azrael (D:12)
  A hydra (D:10)
  5 two-headed ogres
  5 orc high priests (Orc:1)
  2 unseen horrors (D:10)
  Pikel (D:8)
  An orc sorcerer (Orc:2)
  A deep elf mage (D:12)
  A manticore (D:11)
  An ugly thing (D:12)
  Maurice (Orc:2)
  Psyche (D:10)
  A gargoyle (D:10)
  A cane toad (D:8)
  A komodo dragon (D:11)
  A freezing wraith (D:9)
  2 kobold demonologists (D:10)
  3 trolls
  2 hornets
  2 hippogriffs (D:10)
  A vampire (D:10)
  23 yaks
  5 fire elementals (D:12)
  3 wargs (Orc:2)
  Edmund (D:4)
  A water moccasin (D:11)
  3 hell hounds (D:12)
  2 porcupines (D:8)
  5 black bears
  14 orc warriors
  3 phantoms
  2 eyes of draining
  7 sky beasts
  3 ice beasts
  11 ogres
  A necrophage (D:12)
  2 centaurs
  A crocodile (D:12)
  3 lemures (D:8)
  A big kobold (D:8)
  7 bullfrogs
  2 gnoll sergeants
  2 scorpions
  12 wights
  11 killer bees
  4 bullfrog zombies
  25 orc priests
  7 jellies
  3 centaur skeletons
  6 hounds
  31 orc wizards
  5 iguanas
  2 bullfrog skeletons
  3 worker ants
  A killer bee zombie (D:5)
  A hound zombie (D:6)
  A mummy (D:8)
  A worker ant zombie (D:5)
  6 gnolls
  10 adders
  A shadow imp (D:10)
  5 white imps
  2 adder zombies
  4 adder skeletons
  A worm (D:5)
  4 dart slugs
  4 leopard geckos
  70 orcs
  2 ball pythons
  5 giant cockroaches
  9 goblins
  5 hobgoblins
  7 jackals
  2 quokkas
  3 bats
  7 frilled lizards
  A jackal zombie (D:5)
  7 kobolds
  A quokka skeleton (D:4)
  5 rats
411 creatures vanquished.

Vanquished Creatures (others)
  15 fungi (D:8)
  16 plants (D:8)
31 creatures vanquished.

Grand Total: 442 creatures vanquished

Notes
Turn   | Place    | Note
-------+----------+-------------------------------------------
     0 | D:1      | om the Draconian Ice Elementalist began the quest for the
                  | Orb.
     0 | D:1      | Reached XP level 1. HP: 14/14 MP: 3/3
   771 | D:1      | Reached XP level 2. HP: 20/20 MP: 1/5
  1353 | D:2      | Reached XP level 3. HP: 18/26 MP: 3/6
  1358 | D:2      | Learned a level 3 spell: Frozen Ramparts
  2170 | D:2      | Found a hide-covered altar of Uskayaw.
  2176 | D:2      | Reached XP level 4. HP: 15/34 MP: 4/8
  2518 | D:2      | Found a stormy altar of Qazlal.
  2519 | D:2      | Found an ancient bone altar of Kikubaaqudgha.
  2568 | D:3      | Found a white marble altar of Elyvilon.
  2578 | D:3      | Reached skill level 2 in Dodging
  2680 | D:3      | Found a sparkling altar of Nemelex Xobeh.
  3064 | D:3      | Found an opulent altar of Gozag.
  3421 | D:3      | Found a burning altar of Makhleb.
  3586 | D:3      | Became a worshipper of Gozag Ym Sagoz the Greedy
  3625 | D:4      | Reached skill level 5 in Ice Magic
  3625 | D:4      | Reached XP level 5. HP: 38/39 MP: 5/9
  3776 | D:4      | Found a snail-covered altar of Cheibriados.
  4149 | D:4      | Reached skill level 1 in Fighting
  4299 | D:4      | Reached skill level 3 in Dodging
  4299 | D:4      | Reached XP level 6. HP: 45/47 MP: 7/11
  4542 | D:5      | Entered Level 5 of the Dungeon
  4668 | D:5      | Noticed Edmund
  4692 | D:4      | Killed Edmund
  5124 | D:5      | Found a staircase to the Ecumenical Temple.
  5128 | D:5      | Reached skill level 4 in Dodging
  5128 | D:5      | Your scales start taking on a pale cyan-grey colour.
  5128 | D:5      | Reached XP level 7. HP: 44/52 MP: 10/13
  5295 | D:5      | Found an ornate altar of the Wu Jian Council.
  5711 | D:5      | Reached skill level 5 in Spellcasting
  5898 | D:5      | Reached skill level 5 in Dodging
  6645 | D:6      | Reached XP level 8. HP: 33/62 MP: 10/16
  7080 | D:6      | Reached skill level 6 in Dodging
  7354 | D:7      | Found a bloodstained altar of Trog.
  7561 | D:7      | Reached XP level 9. HP: 56/71 MP: 19/19
  8011 | D:7      | Reached skill level 7 in Dodging
  8196 | D:7      | Learned a level 1 spell: Shock
  8475 | D:8      | Noticed a two-headed ogre
  8523 | D:8      | Reached skill level 1 in Air Magic
  8534 | D:8      | Reached skill level 1 in Evocations
  8543 | D:8      | Reached skill level 1 in Staves
  8563 | D:8      | Noticed Pikel
  8577 | D:8      | Noticed a two-headed ogre
  8588 | D:8      | Killed a two-headed ogre
  8594 | D:8      | Killed Pikel
  8594 | D:8      | Reached skill level 5 in Fighting
  8594 | D:8      | Reached XP level 10. HP: 35/81 MP: 16/21
  8600 | D:8      | Reached skill level 8 in Dodging
  8836 | D:8      | Found a shimmering blue altar of Sif Muna.
  8926 | D:8      | Paralysed by a hornet for 3 turns
  9345 | D:8      | Killed a two-headed ogre
  9421 | D:8      | Found a staircase to the Lair.
  9426 | D:8      | Identified Rinkypn's Catalogue of Dusty Intoxication
  9838 | D:9      | Found a radiant altar of Vehumet.
  9918 | D:9      | Reached skill level 5 in Air Magic
 10167 | D:9      | Noticed a two-headed ogre
 10178 | D:9      | Killed a two-headed ogre
 10227 | D:9      | Found a bloodstained altar of Trog.
 10602 | D:8      | Learned a level 2 spell: Poisonous Vapours
 10605 | D:8      | Learned a level 2 spell: Swiftness
 10610 | D:8      | Learned a level 4 spell: Airstrike
 10614 | D:8      | Learned a level 3 spell: Static Discharge
 10717 | D:9      | Paralysed by a hornet for 3 turns
 10996 | D:9      | Reached skill level 1 in Polearms
 11021 | D:9      | Found a radiant altar of Vehumet.
 11021 | D:9      | Found an iron altar of Okawaru.
 11468 | Lair:1   | Entered Level 1 of the Lair of Beasts
 11468 | Lair:1   | Noticed a cane toad
 11477 | D:8      | Killed a cane toad
 11477 | D:8      | Reached skill level 9 in Dodging
 11669 | D:8      | Bought a potion of curing for 39 gold pieces
 11669 | D:8      | Bought a potion of lignification for 39 gold pieces
 11669 | D:8      | Bought a potion of heal wounds for 65 gold pieces
 11706 | D:10     | Entered Level 10 of the Dungeon
 11817 | D:10     | Reached XP level 11. HP: 86/86 MP: 18/23
 11868 | D:10     | Reached skill level 1 in Shields
 12006 | D:10     | Found a staircase to the Orcish Mines.
 12009 | D:10     | Noticed a two-headed ogre
 12038 | D:10     | Killed a two-headed ogre
 13018 | D:10     | Noticed a green ugly thing
 13018 | D:10     | Noticed Psyche
 13394 | D:10     | Reached skill level 5 in Evocations
 13758 | D:10     | Noticed an unseen horror
 13768 | D:10     | Killed an unseen horror
 13899 | D:10     | Killed Psyche
 13973 | D:10     | Noticed a four-headed hydra
 14019 | D:10     | Killed a four-headed hydra
 14304 | D:10     | Noticed an unseen horror
 14309 | D:10     | Killed an unseen horror
 14583 | D:11     | Reached skill level 10 in Dodging
 14807 | D:11     | Reached XP level 12. HP: 89/94 MP: 22/25
 14835 | D:11     | Reached skill level 5 in Polearms
 15060 | D:11     | Reached skill level 5 in Shields
 15330 | D:11     | Found a runed translucent door.
 15608 | D:11     | Noticed a two-headed ogre
 15653 | D:11     | Killed a two-headed ogre
 15716 | D:11     | Found a roughly hewn altar of Beogh.
 16181 | D:12     | Learned a level 5 spell: Lightning Bolt
 17114 | D:12     | Noticed Azrael
 17224 | D:12     | Killed Azrael
 17662 | D:12     | Learned a level 3 spell: Mephitic Cloud
 17705 | Orc:1    | Entered Level 1 of the Orcish Mines
 17795 | Orc:2    | Entered Level 2 of the Orcish Mines
 17795 | Orc:2    | Found a staircase to the Elven Halls.
 18264 | Orc:2    | Noticed an orc high priest
 18309 | Orc:1    | Killed an orc high priest
 18547 | Orc:2    | Noticed Maurice
 18557 | Orc:2    | Killed Maurice
 18874 | Orc:2    | Noticed an orc high priest
 19368 | Orc:2    | Noticed an orc high priest
 19381 | Orc:1    | Killed an orc high priest
 19605 | Orc:1    | Killed an orc high priest
 19605 | Orc:1    | Reached skill level 11 in Dodging
 20053 | Orc:2    | Noticed an orc high priest
 20069 | Orc:1    | Killed an orc high priest
 20069 | Orc:1    | Reached XP level 13. HP: 98/102 MP: 20/26
 21319 | Orc:2    | Found Arerogek's Book Boutique.
 21319 | Orc:2    | Found Ulirimm's General Store.
 21320 | Orc:2    | Found Muasis's Book Shop.
 21323 | Orc:2    | Found Ucastal's Gadget Shop.
 21778 | Orc:1    | Noticed an orc warlord
 22344 | Orc:2    | Slain by an orc warlord

Illustrated notes

Levels and vault maps discovered:
D:1:      lightli_molten_gateway, layout_basic, chequers_serial_rivers_large_b
D:2:      layout_loops_ring, lemuel_doored_altar,
          gammafunk_temple_overflow_statue
D:3:      layout_basic, lemuel_coloured_pillars_altar,
          nicolae_overflow_crystal_walls, old_standard_altar,
          overflow_temple_1_default, minmay_misc_feat_four_crosses
D:4:      cheibrodos_barr_body, layout_rooms, cheibriados_altar_1
D:5:      layout_loops_corners, old_standard_altar,
          minmay_temple_entry_sparse_star, moated_statue, uniq_edmund
D:6:      layout_basic
D:7:      layout_cave_pools, minmay_door_square, trog_hazing_becter
D:8:      layout_basic, lemuel_blue_sif_altar, grunt_lair_entry_orc_guard_hut,
          gup_ossuary_entry_pyramid, uniq_pikel
D:9:      layout_basic, gammafunk_temple_overflow_elements,
          kennysheep_mini_moat, basic_altar
D:10:     hangedman_cross_cluster, layout_rooms, uniq_psyche
D:11:     layout_loops_ring, lightli_church_of_beogh
D:12:     layout_cave_pools, minmay_variable_closet, glass_columns_b,
          uniq_azrael
Lair:1:   layout_cave_pods, minmay_holes, kennysheep_rathole,
          infiniplex_staircase_pool, uniq_nergalle
Orc:1:    layout_caves, serial_shops,
          nicolae_shop_temple_entry_statues_fountains, elf_legates, uniq_urug
Orc:2:    st_orc_mages, layout_diamond_mine, uniq_maurice

Skill      XL: |  1  2  3  4  5  6  7  8  9 10 11 12 13 |
---------------+----------------------------------------+-----
Stealth        | 2 3 |  3.1
Spellcasting   | 3 4 5 7 8 9 |  9.0
Dodging        | 2 3 4 5 6 7 9 10 11 | 11.2
Ice Magic      | 5 6 7 |  7.3
Fighting       | 1 2 3 5 6 |  6.1
Air Magic      | 3 6 7 8 |  8.0
Evocations     | 2 4 5 |  5.0
Staves         | 2 3 |  3.8
Polearms       | 1 4 7 |  7.5
Shields        | 4 6 7 |  7.1
Short Blades   | |  0.7
Unarmed Combat | |  0.3

Action                   |  1- 3 |  4- 6 |  7- 9 | 10-12 | 13-15 || total
-------------------------+-------+-------+-------+-------+-------++-------
Melee: Unarmed           |    50 |       |       |       |       ||    50
       Tailslap          |     7 |     7 |    14 |    32 |     3 ||    63
       Dagger            |    22 |    12 |       |       |       ||    34
       Quarterstaff      |       |    64 |    85 |    40 |       ||   189
       Staff             |       |       |    27 |       |       ||    27
       Demon trident     |       |       |       |   258 |    68 ||   326
 Cast: Freeze            |    28 |    18 |    18 |    27 |     9 ||   100
       Frozen Ramparts   |     4 |    16 |    16 |    74 |     6 ||   116
       Airstrike         |       |       |       |    53 |    16 ||    69
       Swiftness         |       |       |       |     2 |     2 ||     4
       Poisonous Vapours |       |       |       |     7 |     3 ||    10
       Mephitic Cloud    |       |       |       |     2 |     2 ||     4
       Lightning Bolt    |       |       |       |     2 |       ||     2
       Static Discharge  |       |       |       |     2 |       ||     2
Invok: Call Merchant     |       |       |       |     2 |       ||     2
 Abil: Breathe Steam     |       |       |    40 |   119 |     9 ||   168
  Use: Scroll            |       |     7 |     9 |    11 |     1 ||    28
       Potion            |       |       |     1 |     2 |       ||     3
 Stab: Sleeping          |     3 |     4 |     4 |     9 |       ||    20
       Distracted        |       |       |     1 |       |       ||     1
Armor: Skin              |    29 |    39 |    37 |    48 |     9 ||   162
Dodge: Dodged            |    63 |    76 |   174 |   309 |    46 ||   668
Block: Buckler           |       |       |       |    78 |    29 ||   107

Table legend: (Time is in decaauts)
 A = Elapsed time spent in this place.
 B = Non-inter-level travel time spent in this place.
 C = Inter-level travel time spent in this place.
 D = Time resting spent in this place.
 E = Time spent auto-exploring this place.
 F = Levels seen in this place.
 G = Mean time per level.
                   A        B        C        D        E       F      G
               +--------+--------+--------+--------+--------+-----+--------+
         Total |  22449 |  21652 |    797 |   6796 |  10866 |  15 | 1496.6 |
       Dungeon |  17799 |  17018 |    781 |   4056 |   9894 |  12 | 1483.2 |
          Lair |      5 |      5 |      0 |      0 |      0 |   1 |    5.0 |
  Orcish Mines |   4645 |   4630 |     15 |   2740 |    972 |   2 | 2322.5 |
               +--------+--------+--------+--------+--------+-----+--------+

Top non-repeatable levels by time:
   Orc:2: 2970 daAuts
     D:9: 2470 daAuts
    D:10: 2032 daAuts
    D:12: 1897 daAuts
   Orc:1: 1675 daAuts
     D:8: 1662 daAuts
     D:5: 1608 daAuts
     D:2: 1579 daAuts
    D:11: 1306 daAuts
     D:4: 1110 daAuts
     D:6: 1062 daAuts
     D:3: 1035 daAuts
     D:7: 1022 daAuts
     D:1: 1010 daAuts
  Lair:1: 5 daAuts
